 Dungeon Crawl Stone Soup version 0.19-a0-1827-g174f941 (webtiles) character file.

366 varam the Twirler (level 6, -5/47 HPs)
             Began as a Demonspawn Gladiator on Oct 7, 2016.
             Was an Initiate of Okawaru.
             Slain by a gnoll sergeant
             ... wielding a +6 spear of venom
              (8 damage)
             ... on level 5 of the Dungeon.
             The game lasted 00:11:20 (4023 turns).

varam the Twirler (Demonspawn Gladiator)            Turns: 4023, Time: 00:11:21

Health: -5/47      AC:  8    Str: 17    XL:     6   Next: 40%
Magic:  6/6        EV: 13    Int:  9    God:    Okawaru [......]
Gold:   134        SH:  0    Dex: 14    Spells: 0 memorised, 5 levels left

rFire  . . .     SeeInvis .     a - +0 quarterstaff
rCold  . . .     Gourm    .     r - +0 leather armour {rPois}
rNeg   . . .     Faith    .     (shield currently unavailable)
rPois  +         Spirit   .     c - +0 helmet
rElec  .         Dismiss  .     (no cloak)
rCorr  .         Reflect  .     i - +0 pair of gloves
MR     .....     Harm     .     (no boots)
Stlth  +.........               (no amulet)
                                (no ring)
                                (no ring)

@: no status effects
A: yellow scales 2, rot immunity
a: Renounce Religion


You were on level 5 of the Dungeon.
You worshipped Okawaru.
Okawaru was noncommittal.
You were not hungry.

You visited 2 branches of the dungeon, and saw 6 of its levels.

You collected 134 gold pieces.

Inventory:

Hand Weapons
 a - a +0 quarterstaff (weapon)
 w - a +0 blowgun
 y - a +0 morningstar
Missiles
 d - 3 throwing nets (quivered)
 g - 4 tomahawks
 q - 21 poisoned needles
Armour
 b - a +0 leather armour
 c - a +0 helmet (worn)
 i - a +0 pair of gloves (worn)
 r - a +0 leather armour of poison resistance (worn)
Jewellery
 n - an uncursed amulet of faith {unknown}
Wands
 t - a wand of random effects (35/48)
 u - a wand of iceblast (6/15)
Scrolls
 e - 2 scrolls of identify {unknown}
 j - 3 scrolls of recharging {unknown}
 o - 2 scrolls of teleportation {unknown}
 s - 2 scrolls of amnesia {unknown}
 v - a scroll of magic mapping {unknown}
 x - a scroll of enchant armour {unknown}
Potions
 h - a potion of haste {unknown}
 k - 2 potions of resistance
 p - 3 potions of curing
 A - a potion of ambrosia {unknown}
Comestibles
 f - 3 bread rations
 l - 3 meat rations
 m - 2 fruits
 z - 2 slices of pizza
 B - 2 chunks of flesh


   Skills:
 - Level 3.2 Fighting
 + Level 5.0 Staves
 - Level 2.4 Throwing
 - Level 4.0 Dodging


You had 5 spell levels left.
You didn't know any spells.

Dungeon Overview and Level Annotations

Branches:
Dungeon (5/15)             Temple (1/1) D:4

Altars:
Ashenzari
Cheibriados
Dithmenos
Elyvilon
Fedhas
Hepliaklqana
Kikubaaqudgha
Okawaru
Qazlal
Ru
Trog
Xom

Annotations:
D:4 mrath's ghost, amateur MiCK


Innate Abilities, Weirdness & Mutations

You are mostly covered in yellow scales. (AC +3)
You are immune to rotting.


Message History

A gnoll comes into view. It is wielding a spear.
You barely miss the gnoll sergeant.
The gnoll shouts!
The gnoll sergeant hits you with a spear of venom.
The gnoll hits you from afar with a spear.
The gnoll shouts!
You hit the gnoll sergeant.
The gnoll sergeant is lightly wounded.
The gnoll sergeant barely misses you.
The gnoll hits you from afar with a spear!
* * * LOW HITPOINT WARNING * * *
The gnoll sergeant hits you with a spear of venom.
* * * LOW HITPOINT WARNING * * *
The gnoll sergeant hits you from afar with a spear of venom.
* * * LOW HITPOINT WARNING * * *
There is a stone staircase leading down here.
Quiver which item? (- for none, * to show all) (? for menu, Esc to quit)
Okay, then.
The gnoll sergeant hits you from afar with a spear of venom!
You die...

#....................#...
#####รท##.##.######..........
#.....##.##.# #.#########
#.######)##.# #.######### #.#
#.##.######.##......# #<#
#.#..g.g)gg....####.#
#.######.#.g#########.# #.#
#.##...#.#..# #.# #.#
#.#......#.@# #.# #g#
#...........#### #.# #.#
#................ ..# #.#
##.............#. ..# #.#
##.....######.# #.# #g#
##)..## .# #.# #..## # #g#
#..# ... ##.#


You could see a gnoll sergeant and a gnoll.

Vanquished Creatures
  A howler monkey (D:4)
  A hound (D:3)
  2 orc wizards
  An iguana (D:4)
  Terence (D:3)
  3 worker ants
  A gnoll (D:5)
  An adder (D:5)
  2 worms
  A dart slug (D:4)
  3 leopard geckos
  12 orcs
  7 giant cockroaches
  4 goblins
  11 hobgoblins
  4 jackals
  7 kobolds
  A quokka (D:3)
  3 ball pythons
  A ball python skeleton (D:4)
  5 bats
  A frilled lizard (D:1)
  10 rats
83 creatures vanquished.

Notes
Turn   | Place    | Note
-------+----------+-------------------------------------------
     0 | D:1      | varam the Demonspawn Gladiator began the quest for the Orb.
     0 | D:1      | Reached XP level 1. HP: 16/16 MP: 1/1
   204 | D:1      | Gained mutation: You are partially covered in yellow scales. (AC +2) [demonic ancestry]
   204 | D:1      | Reached XP level 2. HP: 19/22 MP: 2/2
  1062 | D:2      | Reached skill level 3 in Staves
  1422 | D:2      | Reached XP level 3. HP: 25/28 MP: 3/3
  2195 | D:3      | Noticed Terence
  2219 | D:3      | Killed Terence
  2219 | D:3      | Reached XP level 4. HP: 18/34 MP: 4/4
  2582 | D:3      | Gained mutation: You are immune to rotting. [demonic ancestry]
  2582 | D:3      | Reached XP level 5. HP: 22/41 MP: 5/5
  3324 | D:4      | Found a staircase to the Ecumenical Temple.
  3338 | D:4      | Noticed mrath's ghost (amateur MiCK)
  3359 | D:4      | Reached skill level 4 in Staves
  3547 | Temple   | Entered the Ecumenical Temple
  3570 | Temple   | Gained mutation: You are mostly covered in yellow scales. (AC +3) [demonic ancestry]
  3570 | Temple   | Reached XP level 6. HP: 16/47 MP: 6/6
  3711 | Temple   | Became a worshipper of Warmaster Okawaru
  3829 | D:5      | Entered Level 5 of the Dungeon
  3932 | D:5      | Reached skill level 5 in Staves
  4023 | D:5      | Slain by a gnoll sergeant

Vault maps used:
D:1:      wheals_arrival_shading, minmay_split_cup_small
D:3:      uniq_terence
D:4:      first_bread, minmay_hedge_maze
D:5:      eat_drink_and_be_merry_uskayaw, serial_shops, shop, grunt_ministairs_7
Temple:   minmay_temple_bridge_abc

Skill      XL: |  1  2  3  4  5  6 |
---------------+-------------------+-----
Dodging        | 3 4 |  4.0
Staves         | 3 4 5 |  5.0
Throwing       | 2 |  2.4
Fighting       | 3 |  3.2

Action                   |  1- 3 |  4- 6 || total
-------------------------+-------+-------++-------
Melee: Quarterstaff      |   143 |   153 ||   296
  Use: Potion            |       |     5 ||     5
 Stab: Sleeping          |     2 |       ||     2
  Eat: Chunk             |     4 |     4 ||     8
       Bread ration      |       |     1 ||     1
Armor: Leather armour    |    43 |    67 ||   110
Dodge: Dodged            |    83 |   180 ||   263
